 Dungeon Sprint DCSS version 0.29.1-2-gbd0b4ee654 (webtiles) character file.

Game seed: 11259894516982641138

2018 Groucho the Covert (level 9, -3/74 HPs)
             Began as a Human Fighter on Nov 20, 2022.
             Was the Champion of Uskayaw.
             Slain by a cyan ugly thing (15 damage)
             ... in the Dungeon (Sprint IX: "|||||||||||||||||||||||||||||").
             The game lasted 00:01:40 (934 turns).

Groucho the Covert (Human Fighter)                   Turns: 934, Time: 00:01:41

Health: -3/74      AC: 10    Str: 21    XL:     9   Next: 46%
Magic:  9/15       EV: 11    Int: 15    God:    Uskayaw [******]
Gold:   0          SH:  6    Dex: 12    Spells: 8/8 levels left

rFire   . . .      SeeInvis .   l - +2 rapier (drain)
rCold   . . .      Faith    .   c - +0 buckler
rNeg    . . .      Spirit   .   b - +0 scale mail
rPois   .          Reflect  .   (no helmet)
rElec   .          Harm     .   (no cloak)
rCorr   .          Rampage  .   a - +0 pair of gloves
Will    .....      NoTele   +   m - +0 pair of boots
Stlth   +++.......              (no amulet)
HPRegen 0.22/turn               n - +3 ring of intelligence
MPRegen 0.14/turn               o - +3 ring of intelligence

@: mighty
A: no striking features
a: Renounce Religion, Stomp, Line Pass, Grand Finale


You were in the Dungeon.
You worshipped Uskayaw.
Uskayaw was aware of your devotion.
You visited 1 branch

Inventory:

Hand Weapons
 l - a +2 rapier of draining (weapon)
Armour
 a - a +0 pair of gloves (worn)
 b - a +0 scale mail (worn)
 c - a +0 buckler (worn)
 m - a +0 pair of boots (worn)
Jewellery
 n - a +3 ring of intelligence (left hand)
 o - a +3 ring of intelligence (right hand)
Wands
 k - a wand of roots (10)
Scrolls
 i - 2 scrolls of amnesia
 j - 2 scrolls of blinking
Potions
 e - 5 potions of curing
 h - 4 potions of magic


   Skills:
 + Level 7.8 Fighting
 * Level 9.4 Short Blades
 + Level 7.8 Armour
 + Level 5.5 Dodging
 * Level 10.0 Stealth
 + Level 7.8 Shields
 * Level 8.7 Invocations


You had 8 spell levels left.
You didn't know any spells.
Your spell library was empty.

Dungeon Overview and Level Annotations

Branches:
Dungeon (1/1)

Altars:
Cheibriados
Dithmenos
Elyvilon
Fedhas
Gozag
Hepliaklqana
Kikubaaqudgha
Makhleb
Nemelex Xobeh
Okawaru
Qazlal
Ru
Sif Muna
Trog
Uskayaw
Vehumet
Wu Jian
Xom
Yredelemnul
Zin
The Shining One
Jiyva
Lugonu


Message History

Your Stealth skill increases to level 10!
You block the cyan ugly thing's attack.
Things that are here:
+0 acid dragon scales; an acid dragon corpse You barely miss the cyan ugly thing.
The cyan ugly thing engulfs you! The cyan ugly thing shocks you!
You are too injured to fight recklessly!
You are too injured to fight recklessly!
You are too injured to fight recklessly!
Unknown command.
You puncture the cyan ugly thing! You drain the cyan ugly thing.
The cyan ugly thing is moderately wounded.
You block the cyan ugly thing's attack.
You closely miss the cyan ugly thing.
The cyan ugly thing is moderately wounded.
You closely miss the cyan ugly thing.
The cyan ugly thing is moderately wounded.
The cyan ugly thing engulfs you.
* * * LOW HITPOINT WARNING * * *
The cyan ugly thing shocks you!
* * * LOW HITPOINT WARNING * * *
Unknown command.
You feel much better. The cyan ugly thing engulfs you!
* * * LOW HITPOINT WARNING * * *
The cyan ugly thing shocks you!
* * * LOW HITPOINT WARNING * * *
You feel much better. The cyan ugly thing engulfs you.
The cyan ugly thing shocks you!
* * * LOW HITPOINT WARNING * * *
Unknown command.
Unknown command.
The cyan ugly thing attacks as you move away!
The cyan ugly thing engulfs you but does no damage.
Things that are here:
a +0 shortbow; a centaur corpse
There is an open door here.
The cyan ugly thing engulfs you!
* * * LOW HITPOINT WARNING * * *
The cyan ugly thing shocks you!
You die...

▓+▓
▓.▓
▓.▓
▓.▓
▓[▓
▓.▓
▓y▓
▓u▓
▓@▓
▓.▓
▓)▓
▓)▓
▓.▓
▓.▓
▓'▓
▓.▓
▓.▓


You could see a cyan ugly thing (drained) and a vampire mosquito.

Vanquished Creatures
  A centaur warrior (D)
  A manticore (D)
  An unseen horror (D)
  A hornet (D)
  A slime creature (D)
  A steam dragon (D)
  An acid dragon (D)
  An ice beast (D)
  A howler monkey (D)
  A hound (D)
  2 orc wizards (D)
  An adder (D)
  An ufetubus (D)
  2 ball pythons (D)
  A hobgoblin (D)
  A jackal (D)
  A kobold (D)
  A quokka (D)
20 creatures vanquished.

Notes
Turn   | Place    | Note
-------+----------+-------------------------------------------
     0 | D        | Groucho the Human Fighter began the quest for the Orb.
     0 | D        | Reached XP level 1. HP: 18/18 MP: 1/1
    24 | D        | Reached skill level 1 in Stealth
    28 | D        | Reached XP level 2. HP: 15/24 MP: 2/2
   434 | D        | Noticed an ice beast
   442 | D        | Reached skill level 2 in Stealth
   442 | D        | Reached XP level 3. HP: 30/30 MP: 3/3
   447 | D        | Killed an ice beast
   448 | D        | Reached skill level 5 in Fighting
   448 | D        | Reached skill level 5 in Armour
   448 | D        | Reached skill level 4 in Stealth
   448 | D        | Reached skill level 5 in Shields
   448 | D        | Reached XP level 4. HP: 28/39 MP: 4/4
   448 | D        | Reached XP level 5. HP: 32/44 MP: 5/5
   467 | D        | Found a snail-covered altar of Cheibriados.
   467 | D        | Found a shadowy altar of Dithmenos.
   467 | D        | Found a white marble altar of Elyvilon.
   467 | D        | Found a blossoming altar of Fedhas.
   467 | D        | Found an opulent altar of Gozag.
   468 | D        | Found a hazy altar of Hepliaklqana.
   469 | D        | Found a viscous altar of Jiyva.
   829 | D        | Found an ancient bone altar of Kikubaaqudgha.
   830 | D        | Found a corrupted altar of Lugonu.
   831 | D        | Found a burning altar of Makhleb.
   832 | D        | Found a sparkling altar of Nemelex Xobeh.
   833 | D        | Found an iron altar of Okawaru.
   834 | D        | Found a stormy altar of Qazlal.
   835 | D        | Found a sacrificial altar of Ru.
   836 | D        | Found a shimmering blue altar of Sif Muna.
   837 | D        | Found a bloodstained altar of Trog.
   838 | D        | Found a hide-covered altar of Uskayaw.
   839 | D        | Found a radiant altar of Vehumet.
   840 | D        | Found an ornate altar of the Wu Jian Council.
   841 | D        | Found a shimmering altar of Xom.
   842 | D        | Found a basalt altar of Yredelemnul.
   843 | D        | Found a glowing silver altar of Zin.
   844 | D        | Found a glowing golden altar of the Shining One.
   846 | D        | Became a worshipper of Uskayaw the Reveller
   890 | D        | Noticed a hornet
   890 | D        | Noticed a steam dragon
   894 | D        | Reached * piety under Uskayaw
   895 | D        | Reached ** piety under Uskayaw
   897 | D        | Killed an unseen horror
   898 | D        | Reached skill level 6 in Stealth
   898 | D        | Reached XP level 6. HP: 14/52 MP: 5/9
   898 | D        | Reached XP level 7. HP: 16/58 MP: 5/10
   900 | D        | Killed a steam dragon
   900 | D        | Reached *** piety under Uskayaw
   901 | D        | Reached skill level 7 in Stealth
   901 | D        | Reached skill level 5 in Invocations
   903 | D        | Reached **** piety under Uskayaw
   905 | D        | Reached ***** piety under Uskayaw
   910 | D        | Killed a hornet
   911 | D        | Reached skill level 8 in Stealth
   911 | D        | Reached XP level 8. HP: 55/65 MP: 6/12
   912 | D        | Noticed a cyan ugly thing
   912 | D        | Noticed a slime creature
   912 | D        | Noticed a manticore
   912 | D        | Noticed a centaur warrior
   914 | D        | Killed a centaur warrior
   914 | D        | Reached ****** piety under Uskayaw
   915 | D        | Reached skill level 9 in Stealth
   916 | D        | Killed a manticore
   917 | D        | Reached skill level 5 in Dodging
   917 | D        | Reached XP level 9. HP: 63/73 MP: 7/15
   923 | D        | Killed a slime creature
   924 | D        | Reached skill level 10 in Stealth
   934 | D        | Slain by a cyan ugly thing

Illustrated notes

Levels and vault maps discovered:
D:        linesprint [early_d, line_temple, items_1, d_10, items_2, lair_1,
          lair_end, items_3, orc_1, orc_end, items_4, d_15, swamp_1, shoals_1,
          snake_1, spider_1, d_20, vaults_1, items_5, swamp_end, shoals_end,
          snake_end, spider_end, vaults_end, d_27, items_6, zot_1, zot_end,
          crypt_end, forest_end, elf_end, slime_end, tomb_end, abyss_end,
          pan_hell_end]

Skill      XL: |  1  2  3  4  5  6  7  8  9 |
---------------+----------------------------+-----
Stealth        | 1 2 4 6 8 9 10 | 10.0
Fighting       | 4 5 6 7 |  7.8
Short Blades   | 3 4 6 7 9 |  9.4
Armour         | 4 5 6 7 |  7.8
Shields        | 4 5 6 7 |  7.8
Dodging        | 2 4 5 |  5.5
Invocations    | 4 6 8 |  8.7

Action                   |  1- 3 |  4- 6 |  7- 9 || total
-------------------------+-------+-------+-------++-------
Melee: Rapier            |    35 |    19 |    19 ||    73
  Use: Potion            |     2 |     2 |     3 ||     7
 Stab: Invisible         |       |       |     3 ||     3
       Sleeping          |       |       |     3 ||     3
Armor: Scale mail        |    14 |    10 |     2 ||    26
Dodge: Dodged            |     8 |     1 |     2 ||    11
Block: Buckler           |     6 |     6 |     3 ||    15
